 Dungeon Crawl Stone Soup version 0.27-a0-828-g8289197e94 (webtiles) character file.

Game seed: 13050368468464893617

54 dickylongcocking the Insei (level 3, -1/23 HPs)
             Began as an Octopode Transmuter on Mar 30, 2021.
             Was an Initiate of Wu Jian.
             Slain by a worm (11 damage)
             ... on level 3 of the Dungeon.
             The game lasted 00:00:55 (2197 turns).

dickylongcocking the Insei (Octopode Transmuter)    Turns: 2197, Time: 00:00:56

Health: -1/23      AC:  1    Str:  9    XL:     3   Next: 91%
Magic:  6/6        EV: 13    Int: 16    God:    Wu Jian [......]
Gold:   89         SH:  0    Dex: 12    Spells: 2/6 levels left

rFire    . . .     SeeInvis .     - Unarmed
rCold    . . .     Faith    .   (no shield)
rNeg     . . .     Spirit   .   (helmet restricted)
rPois    +         Reflect  .   (no amulet)
rElec    .         Harm     .   e - ring of poison resistance
rCorr    .         Rampage  .   (no ring)
Will     .....                  (no ring)
Stlth    +++.......             (no ring)
HPRegen  0.07/turn              (no ring)
MPRegen  0.10/turn              (no ring)
                                (no ring)
                                (no ring)

@: no status effects
A: almost no armour, amphibious, 8 rings, camouflage 1, gelatinous body 1,
(nimble swimmer 1), tentacles
a: Renounce Religion


You were on level 3 of the Dungeon.
You worshipped Wu Jian.
Wu Jian was noncommittal.
You visited 1 branch of the dungeon, and saw 3 of its levels.

You collected 89 gold pieces.

Inventory:

Jewellery
 e - a ring of poison resistance (left tentacle)
 i - a ring of magical power
Scrolls
 a - a scroll of amnesia {unknown}
 b - a scroll of teleportation {unknown}
 c - a scroll of holy word {unknown}
 f - a scroll of identify {unknown}
 g - a scroll of vulnerability {unknown}
 h - a scroll of immolation {unknown}
Potions
 d - a potion of haste {unknown}


   Skills:
 + Level 1.1 Fighting
 + Level 2.5 Dodging
 + Level 1.1 Stealth
 + Level 3.8 Unarmed Combat
 + Level 2.2 Spellcasting
 + Level 2.2 Transmutations


You had 2 spell levels left.
You knew the following spells:

 Your Spells              Type           Power      Damage    Failure   Level
a - Beastly Appendage     Tmut           16%        N/A       9%          1
c - Spider Form           Tmut/Pois      2%         N/A       36%         3

Your spell library contained the following spells:

 Spells                   Type           Power      Damage    Failure   Level
 Wereblood                Tmut           8%         N/A       12%         2
 Animate Skeleton         Necr           2%         N/A       21%         1
 Pain                     Necr           4%         1d4       21%         1
 Vampiric Draining        Necr           0%         2d6       52%         3
 Ice Form                 Ice/Tmut       5%         N/A       77%         4
 Animate Dead             Necr           0%         N/A       90%         4
 Hydra Form               Tmut           4%         N/A       92%         5
 Agony                    Necr           1%         N/A       99%         5


Dungeon Overview and Level Annotations

Branches:
Dungeon (3/15)

Altars:
Cheibriados
Wu Jian


Innate Abilities, Weirdness & Mutations

You cannot wear most types of armour.
You are amphibious.
You can wear up to eight rings at the same time.
Your skin changes colour to match your surroundings (Stealth+).
Your rubbery body absorbs attacks. (AC +1, EV +1)
((You are camouflaged near water. (Stealth+)))
You have tentacles for arms and can constrict up to eight enemies at once.


Message History

Found a stone staircase leading down.
No target in view!
A kobold comes into view. It is wielding a +0 dagger.
A kobold is nearby!
A kobold is nearby!
You lunge at the kobold.
The helpless kobold fails to defend itself.
You bludgeon the kobold!
You kill the kobold!
The Council accepts your kill.
Things that are here:
a +0 dagger; a kobold corpse No target in view!
Things that are here:
a +0 dagger; a kobold corpse A worm and an orc come into view.
There are monsters nearby!
A bat comes into view.
There are monsters nearby!
An orc priest comes into view. It is wielding a +0 whip.
The orc shouts!
You hear a shout!
The orc priest moves out of view.
An orc comes into view. It is wielding a +0 whip.
There are monsters nearby!
The orc hits you with a +0 hand axe.
You barely miss the worm.
The orc priest shouts!
You grab the worm. You constrict the worm. The bat hits you.
The orc closely misses you. The worm bites you.
You tentacle-slap the worm but do no damage.
You squeeze the worm.
The worm is moderately wounded.
You constrict the worm. The bat barely misses you.
The orc hits you with a +0 hand axe.
You tentacle-slap the orc but do no damage.
You grab the orc. You squeeze the orc, but do no damage.
You constrict the worm.
You constrict the orc, but do no damage.
The bat closely misses you. The bat hits you. The worm bites you!
You die...

.........#..#.#.##...#.#.#
.........####.#.##...#.#.#
.............>#.######...#
........#######.#######..
........# #............#
........#####...........
........†..##...........
#####......##..........#
#......##..w@b.....#
#......##...o......#
#......##...o.o....#
#......##..........#
#......##..........#
#......##...........
#......##..........#
####################


You could see a worm, an orc priest, 2 orcs and a bat.

Vanquished Creatures
  A dart slug (D:2)
  7 ball pythons
  6 bats
  2 endoplasms (D:3)
  2 giant cockroaches (D:1)
  6 goblins
  A hobgoblin (D:2)
  11 jackals (D:1)
  3 kobolds
  2 quokkas
  A frilled lizard (D:1)
  A rat (D:2)
43 creatures vanquished.

Notes
Turn   | Place    | Note
-------+----------+-------------------------------------------
     0 | D:1      | dickylongcocking the Octopode Transmuter began the quest
                  | for the Orb.
     0 | D:1      | Reached XP level 1. HP: 13/13 MP: 3/3
    51 | D:1      | Reached XP level 2. HP: 13/18 MP: 3/5
   509 | D:1      | Reached XP level 3. HP: 16/23 MP: 6/6
   513 | D:1      | Learned a level 3 spell: Spider Form
  1245 | D:2      | Found an ornate altar of the Wu Jian Council.
  1329 | D:2      | Became a worshipper of the Wu Jian Council
  1764 | D:2      | Found a snail-covered altar of Cheibriados.
  1994 | D:3      | Reached skill level 1 in Stealth
  2197 | D:3      | Slain by a worm

Illustrated notes

Levels and vault maps discovered:
D:1:      zelgadis_glass_arrival_small, layout_loops_ring,
          chequers_serial_rivers_room_a
D:2:      layout_loops_ring, nicolae_overflow_hidden_temple,
          lemuel_crystal_altar
D:3:      layout_basic, uniq_grinder, uniq_crazy_yiuf_cottage

Skill      XL: |  1  2  3 |
---------------+----------+-----
Stealth        | 1 |  1.1
Fighting       | |  1.1
Dodging        | |  2.5
Unarmed Combat | |  3.8
Spellcasting   | |  2.2
Transmutations | |  2.2

Action                   || total
-------------------------++-------
Melee: Unarmed           ||   108
       Tentacles         ||    21
       Constrict         ||    29
       Kick              ||     5
       Punch             ||     2
 Cast: Beastly Appendage ||     2
Invok: Lunge             ||     7
 Stab: Sleeping          ||     7
Armor: Skin              ||    10
Dodge: Dodged            ||    88

Table legend: (Time is in decaauts)
 A = Elapsed time spent in this place.
 B = Non-inter-level travel time spent in this place.
 C = Inter-level travel time spent in this place.
 D = Time resting spent in this place.
 E = Time spent auto-exploring this place.
 F = Levels seen in this place.
 G = Mean time per level.
                   A        B        C        D        E       F      G
               +--------+--------+--------+--------+--------+-----+--------+
         Total |   2189 |   2082 |    107 |      0 |   1809 |   3 |  729.7 |
       Dungeon |   2189 |   2082 |    107 |      0 |   1809 |   3 |  729.7 |
               +--------+--------+--------+--------+--------+-----+--------+

Top non-repeatable levels by time:
     D:1: 1087 daAuts
     D:2: 896 daAuts
     D:3: 205 daAuts
